 Dungeon Sprint DCSS version 0.27-a0-592-g0306a34022 (webtiles) character file.

Game seed: 4716827665862529002

2331 sahdkjhfkaj the Imperceptible (level 9, -5/48 HPs)
             Began as a Vampire Brigand on Mar 10, 2021.
             Was a Follower of Dithmenos.
             Slain by a demonic crawler (8 damage)
             ... in the Dungeon (Sprint I: "Red Sonja").
             The game lasted 00:01:42 (481 turns).

sahdkjhfkaj the Imperceptible (Vampire Brigand)      Turns: 481, Time: 00:01:43

Health: -5/48      AC:  3    Str: 10    XL:     9   Next: 19%
Magic:  9/16       EV: 12    Int: 14    God:    Dithmenos [*.....]
Gold:   443        SH:  0    Dex: 18    Spells: 14/18 levels left

rFire    . . .     SeeInvis +   a - +2 dagger
rCold    + + .     Faith    .   (no shield)
rNeg     + + +     Spirit   .   b - +0 robe
rPois    ∞         Reflect  .   (no helmet)
rElec    .         Harm     .   c - +0 cloak
rCorr    .         Rampage  .   (no gloves)
Will     .....     NoTele   +   (no boots) Stlth **++++++++
                                (no amulet)
HPRegen  0.00/turn              (no ring)
MPRegen  0.15/turn              (no ring)

@: bloodless, wreathed by umbra
A: fangs 3, see invisible, unbreathing 1
a: Bat Form, Revivify, Renounce Religion


You were in the Dungeon.
You worshipped Dithmenos.
Dithmenos was aware of your devotion.
You visited 1 branch You collected 643 gold pieces.
You spent 200 gold pieces at shops.

Inventory:

Hand Weapons
 a - a +2 dagger (weapon)
Missiles
 d - 8 poisoned darts (quivered)
 e - 8 curare-tipped darts
Armour
 b - a +0 robe (worn)
 c - a +0 cloak (worn)
Wands
 i - a wand of iceblast (13)
Scrolls
 f - a scroll of random uselessness {unknown}
 g - a scroll of identify {unknown}
 D - a scroll of blinking
Potions
 h - a potion of flight {unknown}
 J - a potion of curing {@q1}
 Q - 3 potions of magic
 T - a potion of berserk rage


   Skills:
 - Level 1.7 Fighting
 - Level 2.1 Short Blades
 - Level 1.5 Throwing
 - Level 1.1 Dodging
 - Level 21.7 Stealth
 - Level 5.0 Spellcasting
 + Level 9.9 Transmutations
 + Level 9.5 Earth Magic


You had 14 spell levels left.
You knew the following spells:

 Your Spells              Type           Power      Damage    Failure   Level
g - Petrify               Tmut/Erth      30%        N/A       3%          4

Your spell library contained the following spells:

 Spells                   Type           Power      Damage    Failure   Level
 Confusing Touch          Hex            3%         N/A       45%         3
 Gell's Gravitas          Tloc           1%         N/A       45%         3
 Yara's Violent Unravell  Hex/Tmut       8%         3d5       54%         5
 Metabolic Englaciation   Hex/Ice        1%         N/A       99%         5


Dungeon Overview and Level Annotations

Branches:
Dungeon (1/1)

Altars:
Cheibriados
Dithmenos
Elyvilon
Fedhas
Gozag
Hepliaklqana
Kikubaaqudgha
Makhleb
Nemelex Xobeh
Okawaru
Qazlal
Ru
Sif Muna
Trog
Uskayaw
Vehumet
Wu Jian
Xom
Yredelemnul
Zin
The Shining One
Jiyva
Lugonu

Shops:
D ::[


Innate Abilities, Weirdness & Mutations

You do not regenerate when monsters are visible.
You are frail without blood (-20% HP).
You can heal yourself when you bite living creatures.
You are immune to poison.
You have razor-sharp teeth.
You have supernaturally acute eyesight. (SInv)
You can survive without breathing.


Message History

Your experience leads to an increase in your attributes!
Increase (S)trength, (I)ntelligence, or (D)exterity?
You feel agile.
The helpless kobold demonologist fails to defend itself.
You stick the kobold demonologist like a pincushion!!!!
You kill the kobold demonologist!
Your Earth Magic skill increases to level 9! 4 demonic crawlers come into view.
The demonic crawler gives a hideous shriek! x3
The demonic crawler hits you. x3
Casting: Petrify (dangerous; 3% risk of failure)
Confirm with . or Enter, or press ? or * to list all spells.
Aiming: Petrify (dangerous; 3% risk of failure)
Press: ? - help, Shift-Dir - straight line, f - demonic crawler
Aim: a demonic crawler (umbra, chance to affect: 4%)
The demonic crawler resists with almost no effort.
The demonic crawler hits you! The demonic crawler hits you.
Unknown command.
Unknown command.
The demonic crawler hits you.
* * * LOW HITPOINT WARNING * * *
The demonic crawler hits you.
* * * LOW HITPOINT WARNING * * *
Unknown command.
Unknown command.
Okay, then.
Okay, then.
Unknown command.
Casting: Petrify (dangerous; 3% risk of failure)
Confirm with . or Enter, or press ? or * to list all spells.
Aiming: Petrify (dangerous; 3% risk of failure)
Press: ? - help, Shift-Dir - straight line, f/p - demonic crawler
Aim: a demonic crawler (umbra, chance to affect: 4%)
The demonic crawler resists with almost no effort.
The demonic crawler hits you.
* * * LOW HITPOINT WARNING * * *
The demonic crawler hits you!
* * * LOW HITPOINT WARNING * * *
The demonic crawler hits you!
You die...

#######################
#.['..#).'..#__#@.ss.)#
'..#.)'..#..'..'.s#s..##+#
#####'#####'#__####)..'..#
####..#...#.#### #####..+
#__####..##.# ##
#_____##'#_.+
#_.∩...'..._#
#_..__##_.#'##+###
#_____###'#.#(.|.###


You could see 4 demonic crawlers.

Vanquished Creatures
  Sonja (D)
  A deep troll (D)
  2 kobold demonologists (D)
  A slime creature (D)
  Sigmund (D)
  A yak (D)
  A floating eye (D)
  An ogre (D)
  A jelly (D)
  Ijyb (D)
11 creatures vanquished.

Notes
Turn   | Place    | Note
-------+----------+-------------------------------------------
     0 | D        | sahdkjhfkaj the Vampire Brigand began the quest for the
                  | Orb.
     0 | D        | Reached XP level 1. HP: 16/16 MP: 1/1
     8 | D        | Noticed Ijyb
    10 | D        | Killed Ijyb
    11 | D        | Reached skill level 10 in Stealth
    11 | D        | Reached XP level 2. HP: 17/17 MP: 2/2
    13 | D        | Noticed an ogre
    16 | D        | Killed an ogre
    17 | D        | Reached skill level 14 in Stealth
    17 | D        | Reached XP level 3. HP: 21/21 MP: 3/3
    17 | D        | Reached XP level 4. HP: 26/26 MP: 4/4
    25 | D        | Noticed Sigmund
    50 | D        | Killed Sigmund
    51 | D        | Reached skill level 18 in Stealth
    51 | D        | Reached XP level 5. HP: 13/30 MP: 5/5
    51 | D        | Reached XP level 6. HP: 15/35 MP: 6/6
   249 | D        | Found a burning altar of Makhleb.
   249 | D        | Found a viscous altar of Jiyva.
   249 | D        | Found a shimmering altar of Xom.
   249 | D        | Found a corrupted altar of Lugonu.
   249 | D        | Noticed a slime creature
   252 | D        | Killed a slime creature
   253 | D        | Reached skill level 20 in Stealth
   254 | D        | Found an ornate altar of the Wu Jian Council.
   254 | D        | Found a shimmering blue altar of Sif Muna.
   256 | D        | Found a radiant altar of Vehumet.
   284 | D        | Found Jagi's Book Emporium.
   284 | D        | Found an ancient bone altar of Kikubaaqudgha.
   284 | D        | Found a hazy altar of Hepliaklqana.
   284 | D        | Found a hide-covered altar of Uskayaw.
   284 | D        | Found a basalt altar of Yredelemnul.
   284 | D        | Found an opulent altar of Gozag.
   284 | D        | Found a snail-covered altar of Cheibriados.
   284 | D        | Found a sacrificial altar of Ru.
   284 | D        | Found a shadowy altar of Dithmenos.
   284 | D        | Noticed a yak
   285 | D        | Found a stormy altar of Qazlal.
   285 | D        | Found a blossoming altar of Fedhas.
   285 | D        | Found a bloodstained altar of Trog.
   285 | D        | Found an iron altar of Okawaru.
   286 | D        | Killed a yak
   287 | D        | Reached skill level 21 in Stealth
   287 | D        | Reached XP level 7. HP: 39/39 MP: 7/7
   287 | D        | Found a sparkling altar of Nemelex Xobeh.
   293 | D        | Became a worshipper of Dithmenos the Shadowed
   296 | D        | Bought a book of Misfortune for 200 gold pieces
   301 | D        | Learned a level 4 spell: Petrify
   315 | D        | Noticed Sonja
   319 | D        | Killed Sonja
   320 | D        | Reached skill level 5 in Transmutations
   320 | D        | Reached skill level 5 in Earth Magic
   320 | D        | Reached XP level 8. HP: 44/44 MP: 7/14
   385 | D        | Found Wozodath's Book Boutique.
   405 | D        | Noticed a deep troll
   409 | D        | Killed a deep troll
   410 | D        | Reached skill level 5 in Spellcasting
   419 | D        | Found Ydiveupt's Armour Emporium.
   466 | D        | Noticed a kobold demonologist
   467 | D        | Noticed a kobold demonologist
   469 | D        | Reached * piety under Dithmenos
   471 | D        | Killed a kobold demonologist
   472 | D        | Reached XP level 9. HP: 48/48 MP: 16/16
   472 | D        | Killed a kobold demonologist
   474 | D        | Noticed a demonic crawler
   474 | D        | Noticed a demonic crawler
   474 | D        | Noticed a demonic crawler
   474 | D        | Noticed a demonic crawler
   481 | D        | Slain by a demonic crawler

Illustrated notes

Levels and vault maps discovered:
D:        dungeon_sprint_1 [red_sonja_temple_1, red_sonja_temple_small_1]

Skill      XL: |  1  2  3  4  5  6  7  8  9 |
---------------+----------------------------+-----
Stealth        | 10 14 18 21 | 21.7
Spellcasting   | 4 5 |  5.0
Transmutations | 5 9 |  9.9
Earth Magic    | 5 8 9 |  9.5
Fighting       | |  1.7
Short Blades   | |  2.1
Throwing       | |  1.5
Dodging        | |  1.1

Action                   |  1- 3 |  4- 6 |  7- 9 || total
-------------------------+-------+-------+-------++-------
Melee: Dagger            |     2 |    20 |     5 ||    27
       Bite              |       |     4 |       ||     4
 Cast: Petrify           |       |       |     2 ||     2
 Abil: Exsanguinate      |     1 |       |       ||     1
  Use: Potion            |       |     2 |       ||     2
 Stab: Sleeping          |     2 |     3 |     5 ||    10
Armor: Robe              |       |       |     1 ||     1
Dodge: Dodged            |       |     5 |     3 ||     8

Table legend: (Time is in decaauts)
 A = Elapsed time spent in this place.
 B = Non-inter-level travel time spent in this place.
 C = Inter-level travel time spent in this place.
 D = Time resting spent in this place.
 E = Time spent auto-exploring this place.
 F = Levels seen in this place.
 G = Mean time per level.
                   A        B        C        D        E       F      G
               +--------+--------+--------+--------+--------+-----+--------+
         Total |    461 |    461 |      0 |    223 |      0 |   1 |  461.0 |
       Dungeon |    461 |    461 |      0 |    223 |      0 |   1 |  461.0 |
               +--------+--------+--------+--------+--------+-----+--------+

Top non-repeatable levels by time:
       D: 461 daAuts
